 Dungeon Crawl Stone Soup version 0.31.0-10-gcf4a605ca0 (webtiles) character file.

Game seed: 6559828388280156015

58 jasper the Chopper (level 4, 0/39 HPs)
             Began as a Hill Orc Cinder Acolyte on Jan 25, 2024.
             Was a High Priest of Ignis.
             Succumbed to Terence's poison
             ... on level 1 of the Dungeon.
             The game lasted 00:03:17 (1453 turns).

jasper the Chopper (Hill Orc Cinder Acolyte)        Turns: 1453, Time: 00:03:17

Health: 0/39       AC: 12    Str: 18    XL:     4   Next: 2%
Magic:  3/5        EV: 10    Int: 14    God:    Ignis [*****.]
Gold:   132        SH:  0    Dex:  6    Spells: 3/5 levels left

rFire   + . .        a - +0 hand axe (flame)
rCold   . . .        (no shield)
rNeg    . . .        g - +0 ring mail
rPois   .            (no helmet)
rElec   .            (no cloak)
rCorr   .            (no gloves)
SInv    .            (no boots)
Will    .....        (no amulet) Stlth
                     (no ring)
HPRegen 0.26/turn    (no ring)
MPRegen 0.09/turn

%: no passive effects
@: lethally poisoned (0 -> -28), fiery-armoured, very slightly contaminated
A: no striking features
a: Renounce Religion, Fiery Armour, Foxfire Swarm


You were on level 1 of the Dungeon.
You worshipped Ignis.
Ignis was extremely pleased with you.
You visited 1 branch of the dungeon, and saw 2 of its levels.

You collected 132 gold pieces.

Inventory:

Hand Weapons
 a - a +0 hand axe of flaming (weapon)
Missiles
 h - 23 stones
 j - 2 datura-tipped darts
Armour
 b - a +0 robe
 g - a +0 ring mail (worn)
Scrolls
 d - 2 scrolls of identify
 e - 2 scrolls of enchant weapon
 f - a scroll of noise {unknown}
Potions
 c - 2 potions of enlightenment


   Skills:
 - Level 3.6 Fighting
 + Level 6.3 Axes
 - Level 1.0 Spellcasting
 - Level 3.2 Fire Magic


You had 3 spell levels left.
You knew the following spells:

 Your Spells              Type           Power      Damage    Failure   Level
a - Scorch                Fire           18%        2d5       19%         2

Your spell library contained the following spells:

 Spells                   Type           Power      Damage    Failure   Level
 Kiss of Death            Conj/Necr      0%         2d5       43%         1
 Magic Dart               Conj           0%         1d3       43%         1
 Blink                    Tloc           0%         N/A       56%         2
 Call Imp                 Summ           0%         N/A       56%         2
 Call Canine Familiar     Summ           0%         N/A       80%         3
 Confusing Touch          Hex            0%         N/A       80%         3
 Sigil of Binding         Hex            0%         N/A       80%         3
 Tukima's Dance           Hex            0%         N/A       80%         3
 Animate Dead             Necr           0%         N/A       99%         4
 Dimensional Bullseye     Hex/Tloc       0%         N/A       99%         4
 Dispel Undead            Necr           0%         3d6       99%         4
 Passage of Golubria      Tloc           0%         N/A       99%         4
 Borgnjor's Vile Clutch   Necr/Erth      0%         N/A       100%        5
 Yara's Violent Unravell  Hex/Alch       0%         3d3       100%        5
 Death Channel            Necr           0%         N/A       100%        6


Dungeon Overview and Level Annotations

Branches:
Dungeon (2/15)

Altars:

Annotations:
D:2 Terence


Message History

The jackal closely misses you.
You slash the jackal! You burn the jackal.
You kill the jackal!
You have reached level 4!
You hit the jackal but do no damage. The jackal barely misses you.
The jackal closely misses you.
You closely miss the jackal. The jackal completely misses you.
You miss the jackal.
The jackal bites you but does no damage.
A protective cloak of flame settles atop you.
The jackal bites you but does no damage.
The jackal is burned by your cloak of flames.
You kill the jackal!
Terence hits you but does no damage.
You are poisoned.
You feel sick.
Terence hits you with a +0 trident of venom!
You are more poisoned.
You see here a jackal corpse.
You hit Terence but do no damage.
You feel sick. Terence shouts, "Now you die!" Terence barely misses you.
You miscast Scorch.
You are very lightly contaminated with residual magic.
Nothing appears to happen.
You feel sick.
Terence hits you with a +0 trident of venom!
You are more poisoned.
Terence is burned by your cloak of flames.
Terence is lightly wounded.
Okay, then.
Okay, then.
You begin to rise into the air.
You feel very sick.
Terence hits you with a +0 trident of venom!
* * * LOW HITPOINT WARNING * * *
You are more poisoned.
Terence is burned by your cloak of flames.
Terence is lightly wounded.
With a burst of heat and light, you rocket upward!
You die...

#.....###........#
#.....#########..#
........#######..########
...##.#......##..)......#
......######............#
...........####.........#
##.#.....#.## #.........#
#.#.....#..####.########
##.##....#......@...#
#...#....#..........#
#†..##...#..........#
#...##..)#..........#
....##..........#..##
#...##.....####.#..#
#...#####.......#..##
#...# #.#.#[#.#...# #...#
#...#^......#


There were no monsters in sight!

Vanquished Creatures
  2 adders (D:2)
  A dart slug (D:1)
  2 ball pythons (D:1)
  4 endoplasms
  2 giant cockroaches (D:1)
  A goblin (D:1)
  3 hobgoblins (D:1)
  3 jackals (D:2)
  6 kobolds
  4 quokkas
  2 bats
  A frilled lizard (D:1)
  2 rats
33 creatures vanquished.

Notes
Turn   | Place    | Note
-------+----------+-------------------------------------------
     0 | D:1      | jasper the Hill Orc Cinder Acolyte began the quest for the
                  | Orb.
     0 | D:1      | Reached XP level 1. HP: 19/19 MP: 2/2
   128 | D:1      | Reached XP level 2. HP: 24/26 MP: 3/3
   131 | D:1      | Learned a level 2 spell: Scorch
   386 | D:1      | Reached skill level 5 in Axes
   692 | D:1      | Reached XP level 3. HP: 31/31 MP: 1/4
  1076 | D:2      | Reached skill level 6 in Axes
  1441 | D:2      | Noticed Terence
  1445 | D:2      | Reached XP level 4. HP: 39/39 MP: 5/5
  1453 | D:1      | Succumbed to Terence's poison

Illustrated notes

Levels and vault maps discovered:
D:1:      scummos_arrival_forest, layout_rooms, minmay_tetromino_i4
D:2:      layout_rooms, nicolae_houndstooth_variations, uniq_terence

Skill      XL: |  1  2  3 |
---------------+----------+-----
Axes           | 5 6 |  6.3
Fighting       | |  3.6
Spellcasting   | |  1.0
Fire Magic     | |  3.2

Action                     |  1- 3 |  4- 6 || total
---------------------------+-------+-------++-------
  Melee: Hand axe          |    63 |     4 ||    67
         Punch             |     1 |       ||     1
   Cast: Scorch            |    11 |       ||    11
 Invoke: Rising Flame      |       |     1 ||     1
         Fiery Armour      |       |     1 ||     1
    Use: Scroll            |     4 |       ||     4
 Armour: Robe              |     8 |       ||     8
         Ring mail         |    29 |     6 ||    35
  Dodge: Dodged            |    19 |     4 ||    23
